 Dungeon Crawl Stone Soup version 0.26-a0-597-gb535b0901c (webtiles) character file.

Game seed: 12704940371342510602

67 graki42 the Firebug (level 3, -8/19 HPs)
             Began as a Deep Elf Fire Elementalist on Sept 7, 2020.
             Mangled by Crazy Yiuf
             ... wielding a +3 quarterstaff of chaos
              (18 damage)
             ... on level 2 of the Dungeon.
             The game lasted 00:04:33 (1423 turns).

graki42 the Firebug (Deep Elf Fire Elementalist)    Turns: 1423, Time: 00:04:37

Health: -8/19      AC:  3    Str:  6    XL:     3   Next: 98%
Magic:  8/10       EV: 13    Int: 19    God:
Gold:   169        SH:  0    Dex: 15    Spells: 2/9 levels left

rFire    . . .     SeeInvis .   c - +0 spear
rCold    . . .     Faith    .   (no shield)
rNeg     . . .     Spirit   .   a - +0 robe
rPois    .         Reflect  .   e - +0 helmet
rElec    .         Harm     .   (no cloak)
rCorr    .                      (no gloves)
MR       .....                  (no boots)
Stlth    ++........             (no amulet)
HPRegen  0.06/turn              (no ring)
MPRegen  0.12/turn              (no ring)

@: lethally poisoned (-8 -> -20)
A: no striking features
a: no special abilities


You were on level 2 of the Dungeon.
You visited 1 branch of the dungeon, and saw 2 of its levels.

You collected 169 gold pieces.

Inventory:

Hand Weapons
 c - a +0 spear (weapon)
Armour
 a - a +0 robe (worn)
 e - a +0 helmet (worn)
Scrolls
 d - a scroll of remove curse {unknown}
 f - a scroll of enchant armour {unknown}
 g - a scroll of teleportation {unknown}
 i - a scroll of fog {unknown}
Potions
 b - 2 potions of haste {unknown}
 h - a potion of berserk rage {unknown}
 j - 2 potions of resistance {unknown}


   Skills:
 - Level 3.0 Dodging
 - Level 3.0 Stealth
 + Level 3.8 Spellcasting
 + Level 2.1 Conjurations
 + Level 0.0 Hexes
 + Level 4.0 Fire Magic


You had 2 spell levels left.
You knew the following spells:

 Your Spells              Type           Power        Failure   Level
a - Foxfire               Conj/Fire      ###.         4%          1
b - Conjure Flame         Conj/Fire      ###.....     12%         3
c - Inner Flame           Hex/Fire       ##......     19%         3

Your spell library contained the following spells:

 Spells                   Type           Power        Failure   Level
 Sticky Flame             Conj/Fire      ###.....     36%         4
 Fireball                 Conj/Fire      ###.......   73%         5


Dungeon Overview and Level Annotations

Branches:
Dungeon (2/15)

Altars:

Annotations:
D:2 Crazy Yiuf


Message History

You start memorising the spell.
You continue memorising. x3
You finish memorising.
Spell assigned to 'c'.
You open the door.
Crazy Yiuf glowers.
Crazy Yiuf twirls on the spot.
Casting: Foxfire (safe; 4% risk of failure)
Confirm with . or Enter, or press ? or * to list all spells.
You conjure some foxfire!
Crazy Yiuf says, "Rot bag infinity!"
Crazy Yiuf hits you with a +3 quarterstaff of chaos!
You are lethally poisoned!
Unknown command.
Casting: Foxfire (safe; 4% risk of failure)
Confirm with . or Enter, or press ? or * to list all spells.
Nothing appears to happen.
You feel sick.
Your foxfire completely misses the fungus.
The foxfire hits Crazy Yiuf but does no damage. x2
Crazy Yiuf hits you with a +3 quarterstaff of chaos!!
Ouch! That really hurt!
You die...

###..........).....####..)....#.#
.............##.##....#.......#.#
...##.##...)(##..#[##.(.....#.#.#
...............#.#..###(....#.#.
...#..###.<............†........
....†....####....###..))....#...
...#.....# ##..## #......#.#....
...#.##..# ♣P.§§♣ #........# ..
.###.....# ♣♣.P@♣ #...........
##.......# ♣♣g♣♣ #...........
.........# ♣♣.♣ #.>.........
.##......# ♣.♣♣ ###.....#.#.
###.#....# ♣♣.♣ #.......#
....#....# ♣.♣♣ ....#....# #'#
...#..#..# ... .....##### #...#


You could see Crazy Yiuf.

Vanquished Creatures
  4 adders (D:2)
  A worm (D:2)
  2 dart slugs
  A leopard gecko (D:1)
  4 bats (D:2)
  A giant cockroach (D:2)
  4 hobgoblins
  2 goblins
  6 kobolds
  2 rats (D:1)
27 creatures vanquished.

Vanquished Creatures (others)
  82 foxfires
82 creatures vanquished.

Grand Total: 109 creatures vanquished

Notes
Turn   | Place    | Note
-------+----------+-------------------------------------------
     0 | D:1      | graki42 the Deep Elf Fire Elementalist began the quest for
                  | the Orb.
     0 | D:1      | Reached XP level 1. HP: 10/10 MP: 6/6
   656 | D:1      | Reached XP level 2. HP: 15/15 MP: 6/8
   948 | D:2      | Reached XP level 3. HP: 19/19 MP: 3/9
  1146 | D:2      | Reached skill level 4 in Fire Magic
  1404 | D:2      | Found a runed translucent door.
  1409 | D:2      | Learned a level 3 spell: Conjure Flame
  1413 | D:2      | Learned a level 3 spell: Inner Flame
  1413 | D:2      | Noticed Crazy Yiuf
  1423 | D:2      | Mangled by Crazy Yiuf

Illustrated notes

Levels and vault maps discovered:
D:1:      saegor_arrival_simple_b, layout_loops_ring, minmay_misc_feat_enclosed,
          st_stairs_14
D:2:      layout_rooms, uniq_crazy_yiuf_cottage

Skill      XL: |  1  2  3 |
---------------+----------+-----
Stealth        | 3 |  3.0
Dodging        | 3 |  3.0
Conjurations   | 2 |  2.1
Fire Magic     | 4 |  4.0
Spellcasting   | |  3.8

Action                   || total
-------------------------++-------
 Cast: Foxfire           ||    47
Armor: Robe              ||     3
Dodge: Dodged            ||     9

Table legend: (Time is in decaauts)
 A = Elapsed time spent in this place.
 B = Non-inter-level travel time spent in this place.
 C = Inter-level travel time spent in this place.
 D = Time resting spent in this place.
 E = Time spent auto-exploring this place.
 F = Levels seen in this place.
 G = Mean time per level.
                   A        B        C        D        E       F      G
               +--------+--------+--------+--------+--------+-----+--------+
         Total |   1423 |   1380 |     43 |    122 |   1069 |   2 |  711.5 |
       Dungeon |   1423 |   1380 |     43 |    122 |   1069 |   2 |  711.5 |
               +--------+--------+--------+--------+--------+-----+--------+

Top non-repeatable levels by time:
     D:1: 874 daAuts
     D:2: 549 daAuts
